 Dungeon Crawl Stone Soup version 0.31.0-12-g77e489cdc1 (webtiles) character file.

Game seed: 17998617074366331769

9794 sking99 the Blocker (level 11, -3/74 HPs)
             Began as an Octopode Air Elementalist on Mar 1, 2024.
             Was an Elder of Vehumet.
             Slain by an unseen horror (6 damage)
             ... on level 10 of the Dungeon.
             The game lasted 00:38:08 (16350 turns).

sking99 the Blocker (Octopode Air Elementalist)    Turns: 16350, Time: 00:38:09

Health: -3/74      AC:  7    Str:  8    XL:     11   Next: 52%
Magic:  11/22      EV: 13    Int: 21    God:    Vehumet [****..]
Gold:   479        SH: 10    Dex: 13    Spells: 1/25 levels left

rFire   + . .        c - +1 whip
rCold   . . .        K - +0 kite shield {rF+}
rNeg    . . .        h - +2 hat
rPois   .            (no amulet)
rElec   .            g - +4 ring of protection
rCorr   +            f - ring of willpower
SInv    .            A - ring of wizardry
Will    +....        B - ring of resist corrosion
Stlth   +++          (no ring)
HPRegen 0.32/turn    (no ring)
MPRegen 0.18/turn    (no ring)
                     (no ring)

%: wizardry (x1)
@: no status effects
A: almost no armour, amphibious, 8 rings, camouflage 1, gelatinous body 1,
(nimble swimmer 1), tentacles
a: Renounce Religion


You were on level 10 of the Dungeon.
You worshipped Vehumet.
Vehumet was greatly pleased with you.
You visited 2 branches of the dungeon, and saw 13 of its levels.
You also visited: Ossuary and Bailey.

You collected 479 gold pieces.

Inventory:

Hand Weapons
 c - a +1 whip (weapon)
Missiles
 E - 2 throwing nets
Armour
 h - a +2 hat (worn)
 K - a +0 kite shield of fire resistance (worn)
Jewellery
 f - a ring of willpower (right tentacle)
 g - a +4 ring of protection (left tentacle)
 A - a ring of wizardry (on tentacle)
 B - a ring of resist corrosion (on tentacle)
 O - an amulet of faith
Wands
 j - a wand of mindburst (14)
 r - a wand of paralysis (27)
 H - a wand of flame (8)
 J - a wand of roots (11)
Scrolls
 q - 4 scrolls of teleportation
 u - a scroll of revelation
 v - 2 scrolls of enchant armour {unknown}
 x - 5 scrolls of fog
 y - 3 scrolls of identify
 z - a scroll of enchant weapon
 C - 4 scrolls of blinking {unknown}
 D - 2 scrolls of silence {unknown}
 F - a scroll of fear
 G - a scroll of immolation {unknown}
 I - 2 scrolls of acquirement
 L - a scroll of poison {unknown}
 M - a scroll of summoning {unknown}
 N - a scroll of amnesia
Potions
 a - 5 potions of magic
 b - a potion of ambrosia {unknown}
 d - 2 potions of lignification {unknown}
 e - 7 potions of curing
 i - 3 potions of heal wounds
 k - 3 potions of enlightenment {unknown}
 l - 4 potions of mutation
 m - a potion of cancellation {unknown}
 n - 2 potions of attraction {unknown}
 o - 4 potions of resistance {unknown}
 p - 3 potions of haste {unknown}
 s - a potion of invisibility {unknown}
 t - 2 potions of berserk rage {unknown}
 w - 4 potions of might {unknown}


   Skills:
 + Level 6.5 Fighting
 - Level 6.2 Dodging
 - Level 4.0 Stealth
 + Level 8.4 Shields
 + Level 7.5 Spellcasting
 + Level 4.0 Conjurations
 + Level 2.3 Ice Magic
 - Level 8.0 Air Magic
 - Level 5.0 Alchemy


You had one spell level left.
You knew the following spells:

 Your Spells              Type           Power      Damage    Failure   Level
a - Shock                 Conj/Air       100%       1d9       1%          1
b - Static Discharge      Conj/Air       66%        3-6/arc   1%          2
c - Airstrike             Air            20%        2d(3-19)  1%          4
d - Mephitic Cloud        Conj/Alch/Air  31%        N/A       1%          3
e - Freezing Cloud        Conj/Ice/Air   13%        6-21      13%         5
u - Mercury Vapours       Alch/Air       70%        N/A       1%          2
x - Swiftness             Air            41%        N/A       1%          3
z - Olgreb's Toxic Radia  Alch           28%        N/A       4%          4

Your spell library contained the following spells:

 Spells                   Type           Power      Damage    Failure   Level
 Dazzling Flash           Conj/Hex       32%        N/A       4%          3
 Volatile Blastmotes      Fire/Tloc      14%        2d11      10%         3
 Summon Ice Beast         Ice/Summ       12%        N/A       24%         3
 Call Canine Familiar     Summ           7%         N/A       36%         3
 Gell's Gravitas          Tloc           7%         N/A       36%         3
 Sigil of Binding         Hex            7%         N/A       36%         3
 Alistair's Intoxication  Alch           18%        N/A       41%         5
 Eringya's Noxious Bog    Alch           14%        4d6       47%         6
 Silence                  Hex/Air        12%        N/A       54%         5
 Dimensional Bullseye     Hex/Tloc       3%         N/A       75%         4
 Manifold Assault         Tloc           7%         N/A       75%         4
 Passage of Golubria      Tloc           7%         N/A       75%         4
 Starburst                Conj/Fire      8%         6d4       83%         6
 Borgnjor's Vile Clutch   Necr/Erth      3%         N/A       97%         5
 Curse of Agony           Necr           7%         N/A       97%         5
 Summon Mana Viper        Hex/Summ       7%         N/A       97%         5
 Maxwell's Capacitive Co  Air            20%        ∞         99%         8
 Chain Lightning          Conj/Air       16%        3d22      99%         9
 Monstrous Menagerie      Summ           3%         N/A       100%        7


Dungeon Overview and Level Annotations

Branches:
Dungeon (12/15)            Temple (1/1) D:5             Orc (0/2) D:10
Ossuary (visited)          Bailey (visited)
   Lair: D:8-11

Altars:
Ashenzari
Cheibriados
Dithmenos
Elyvilon
Fedhas
Gozag
Hepliaklqana
Kikubaaqudgha
Makhleb
Nemelex Xobeh
Okawaru
Qazlal
Ru
Sif Muna
Trog
Uskayaw
Vehumet
Wu Jian
Xom
Yredelemnul
Zin
The Shining One

Shops:
D:10 :*[

Annotations:
D:12 exclusion: deep elf pyromancer


Innate Abilities, Weirdness & Mutations

You cannot wear most types of armour.
You are amphibious.
You can wear up to eight rings at the same time.
Your skin changes colour to match your surroundings (Stealth+).
Your rubbery body absorbs attacks. (AC +1, EV +1)
((You are camouflaged when in or above water. (Stealth+)))
You have tentacles for arms and can constrict up to eight enemies at once.


Message History

You feel quick.
You start resting.
Magic restored.
You start waiting.
You start to feel a little slower.
You feel sluggish.
You start to feel a little faster.
You no longer feel sluggish.
You see here a +0 dagger.
There is a stone staircase leading down here.
You climb downwards.
Found Ynigu Xuco's General Store.
There is a stone staircase leading up here.
There is a strange disturbance nearby!
Casting: Swiftness (safe; 1% risk of failure)
Confirm with . or Enter, or press ? or * to list all spells.
You can't see any susceptible monsters within range! (Use Z to cast anyway.)
Casting: Swiftness (safe; 1% risk of failure)
Confirm with . or Enter, or press ? or * to list all spells.
You begin to radiate toxic energy.
Something hits you but does no damage.
Deactivating autopickup; reactivate with Ctrl-A.
Aiming: Mercury Vapours (safe; 1% risk of failure)
Press: ? - help, Q - select action, (/) - cycle Dir - move target Fumes of mercury billow through the air!
Your toxic aura wanes.
Something hits you! Something hits you.
Unknown command.
Casting: Mercury Vapours (safe; 1% risk of failure)
Confirm with . or Enter, or press ? or * to list all spells.
Aiming: Freezing Cloud (dangerous; 13% risk of failure)
Press: ? - help, Dir - move target You are engulfed in freezing vapours.
Something hits you!
You are engulfed in freezing vapours.
* * * LOW HITPOINT WARNING * * *
Something hits you but does no damage.
There is a stone staircase leading up here.
You are engulfed in freezing vapours.
* * * LOW HITPOINT WARNING * * *
Something hits you.
You die...

#######
#....{#
###.###@#
..§☼§○☼§#
#####§###
#. #


There were no monsters in sight!

Vanquished Creatures
  An orc warlord (Bailey)
  A two-headed ogre (D:9)
  A manticore (D:12)
  A cyclops (D:12)
  A kobold demonologist (D:5)
  A troll (D:11)
  2 hornets
  8 yaks
  3 vampire mosquitoes (D:12)
  An acid dragon (D:9)
  An ice beast (D:8)
  15 orc warriors
  A sky beast (D:7)
  4 black bears
  2 ogres
  2 centaurs
  A weeping skull (Ossuary)
  2 phantoms
  2 scorpions
  3 bullfrogs (D:8)
  A gnoll sergeant (D:6)
  3 water moccasin zombies (Ossuary)
  5 wights (D:8)
  7 killer bees (D:9)
  3 howler monkeys
  3 centaur zombies (D:8)
  8 orc priests
  4 hounds
  4 bombardier beetles
  2 jellies
  A gnoll bouda (D:9)
  A spectral scorpion (Ossuary)
  3 iguanas
  Ijyb (D:5)
  5 orc wizards
  A crocodile zombie (Ossuary)
  An ogre zombie (D:8)
  3 mummies
  19 gnolls
  9 adders
  2 shadow imps
  2 ufetubi (D:6)
  5 adder zombies (Ossuary)
  A ribbon worm (D:2)
  2 dart slugs (D:1)
  35 orcs
  6 bats
  4 endoplasms
  4 giant cockroaches
  9 gnoll zombies (Ossuary)
  12 goblins
  6 hobgoblins
  5 jackals
  16 kobolds
  2 quokkas
  9 ball pythons
  6 jackal zombies (Ossuary)
  2 orc zombies (Ossuary)
  6 rats
271 creatures vanquished.

Vanquished Creatures (others)
  An orc wizard (D:9)
  A quokka (D:12)
2 creatures vanquished.

Grand Total: 273 creatures vanquished

Notes
Turn   | Place    | Note
-------+----------+-------------------------------------------
     0 | D:1      | sking99 the Octopode Air Elementalist began the quest for
                  | the Orb.
     0 | D:1      | Reached XP level 1. HP: 11/11 MP: 3/3
   218 | D:1      | Reached XP level 2. HP: 17/17 MP: 3/5
   394 | D:1      | Learned a level 2 spell: Static Discharge
   872 | D:1      | Reached XP level 3. HP: 22/22 MP: 4/6
  1253 | D:2      | Learned a level 3 spell: Swiftness
  1271 | D:2      | Reached skill level 1 in Fighting
  1399 | D:2      | Found a radiant altar of Vehumet.
  1409 | D:2      | Became a worshipper of Vehumet
  1610 | D:2      | Found a faded altar of an unknown god.
  1865 | D:2      | Reached XP level 4. HP: 24/28 MP: 1/7
  2730 | D:3      | Reached XP level 5. HP: 9/33 MP: 1/9
  3323 | D:4      | Noticed a black bear
  3331 | D:4      | Killed a black bear
  3331 | D:4      | Reached * piety under Vehumet
  3331 | D:4      | Offered knowledge of Sandblast by Vehumet.
  3332 | D:4      | Reached XP level 6. HP: 33/38 MP: 0/10
  3414 | D:4      | Learned a level 4 spell: Airstrike
  4255 | D:5      | Entered Level 5 of the Dungeon
  4305 | D:5      | Noticed Ijyb
  4312 | D:5      | Killed Ijyb
  4553 | D:5      | Reached skill level 5 in Air Magic
  4553 | D:5      | Reached XP level 7. HP: 35/43 MP: 0/12
  4862 | D:5      | Noticed a kobold demonologist
  4895 | D:5      | Noticed a smoke demon
  4897 | D:5      | Killed a kobold demonologist
  4898 | D:5      | Reached XP level 8. HP: 44/48 MP: 1/14
  5517 | D:5      | Found a staircase to the Ecumenical Temple.
  5543 | Temple   | Entered the Ecumenical Temple
  5903 | D:6      | Reached skill level 5 in Spellcasting
  5910 | D:6      | Found a sand-covered staircase.
  5924 | Ossuary  | Entered an ossuary
  6413 | Ossuary  | Offered knowledge of Magic Dart by Vehumet.
  6560 | Ossuary  | Reached ** piety under Vehumet
  7026 | D:6      | Reached XP level 9. HP: 57/57 MP: 5/17
  7595 | D:6      | Found a broken altar of Ashenzari.
  8263 | D:6      | Offered knowledge of Mercury Vapours by Vehumet.
  8267 | D:6      | Learned a level 2 spell: Mercury Vapours
  8667 | D:7      | Noticed a hornet
  8675 | D:7      | Paralysed by a hornet for 1 turns
  8676 | D:7      | Killed a hornet
  8677 | D:7      | Reached skill level 5 in Dodging
  8945 | D:7      | Reached skill level 5 in Fighting
  9009 | D:7      | Reached *** piety under Vehumet
 10415 | D:8      | Reached XP level 10. HP: 68/68 MP: 17/20
 10455 | D:8      | Learned a level 3 spell: Mephitic Cloud
 10497 | D:8      | Offered knowledge of Olgreb's Toxic Radiance by Vehumet.
 10503 | D:8      | Learned a level 4 spell: Olgreb's Toxic Radiance
 10756 | D:8      | Reached skill level 1 in Shields
 10756 | D:8      | Reached skill level 1 in Alchemy
 11405 | D:9      | Found a flagged portal.
 11666 | Bailey   | Entered a bailey
 11918 | Bailey   | Noticed an orc warlord
 12001 | Bailey   | Reached **** piety under Vehumet
 12268 | Bailey   | Offered knowledge of Freezing Cloud by Vehumet.
 12600 | Bailey   | Found a runed translucent gate.
 12603 | Bailey   | Found a runed translucent gate.
 12604 | Bailey   | Found a runed translucent gate.
 13322 | Bailey   | Killed an orc warlord
 13323 | Bailey   | Reached skill level 5 in Shields
 13489 | Bailey   | Got Cejootir's Handbook of the Impact and Wanderlust
 14366 | D:9      | Reached skill level 5 in Alchemy
 14584 | D:9      | Noticed a two-headed ogre
 14592 | D:9      | Killed a two-headed ogre
 14593 | D:9      | Reached XP level 11. HP: 72/72 MP: 6/21
 15601 | D:10     | Entered Level 10 of the Dungeon
 15604 | D:10     | Identified the +0 scale mail of Zynyrch {rF+}
 15611 | D:10     | Found Kuucvuan's Book Shoppe.
 15621 | D:10     | Learned a level 5 spell: Freezing Cloud
 15674 | D:10     | Reached skill level 1 in Ice Magic
 15773 | D:10     | Found Idueb's Armour Shop.
 15794 | D:10     | You fall into a shaft and drop 2 floors!
 15798 | D:12     | Noticed a deep elf pyromancer
 15855 | D:12     | Noticed a cyclops
 15862 | D:12     | Killed a cyclops
 16008 | D:12     | Noticed a manticore
 16016 | D:12     | Killed a manticore
 16096 | D:12     | Found a white marble altar of Elyvilon.
 16164 | D:10     | Found a staircase to the Orcish Mines.
 16344 | D:10     | Found Ynigu Xuco's General Store.
 16350 | D:10     | HP: 3/74 [cloud of freezing vapour (19)]
 16350 | D:10     | Slain by an unseen horror

Illustrated notes

Levels and vault maps discovered:
D:1:      kennysheep_arrival_seaside, layout_basic, hex_intersection
D:2:      layout_rooms, basic_altar, nicolae_ecumenical_snake_handling
D:3:      layout_basic, chequers_serial_rivers_large_a, minmay_misc_feat_tower
D:4:      layout_loops_ring
D:5:      minmay_chambers_of_fours, layout_basic, minmay_temple_entry_slanted,
          uniq_ijyb
D:6:      layout_basic, mainiacjoe_overflow_six_doors_small,
          lightli_ossuary_entry_decrepit_ruins, gup_sewer_entry_spiral
D:7:      layout_loops_ring
D:8:      layout_loops_ring, minmay_mini_ossuary
D:9:      layout_layer_cave, enter_bailey_5, minmay_misc_feat_more_columns
D:10:     layout_roguey, erik_lair_orcish_takeover, orc_0_dummy, serial_shops,
          nicolae_book_shop_shelving, shop, shop, shop,
          nicolae_shop_gibbet_a_chance, kennysheep_nondescript
D:11:     layout_roguey, gammafunk_ghost_berserking_beasts,
          grunt_decor_one_mirror, uniq_harold
D:12:     layout_gridville, elyvilon_altar_4
Temple:   compressed_dpeg_circular_temple

Skill      XL: |  1  2  3  4  5  6  7  8  9 10 11 |
---------------+----------------------------------+-----
Stealth        | 3 4 |  4.0
Fighting       | 1 3 5 6 |  6.5
Conjurations   | 3 4 |  4.0
Spellcasting   | 3 4 5 7 |  7.5
Air Magic      | 4 5 6 8 |  8.0
Dodging        | 3 6 |  6.2
Shields        | 7 8 |  8.4
Alchemy        | 5 |  5.0
Ice Magic      | 2 |  2.3

Action                     |  1- 3 |  4- 6 |  7- 9 | 10-12 || total
---------------------------+-------+-------+-------+-------++-------
  Melee: Unarmed           |     4 |       |       |       ||     4
         Constrict         |     1 |     2 |     2 |     1 ||     6
         Tentacles         |     1 |     1 |     4 |     2 ||     8
         Whip              |       |     9 |    18 |     7 ||    34
         Punch             |       |     1 |       |       ||     1
   Cast: Shock             |    66 |   102 |   151 |     7 ||   326
         Static Discharge  |     1 |    15 |    23 |     2 ||    41
         Airstrike         |       |       |    75 |   137 ||   212
         Swiftness         |       |       |     1 |     2 ||     3
         Mercury Vapours   |       |       |       |    21 ||    21
         Olgreb's Toxic Ra |       |       |       |    20 ||    20
         Freezing Cloud    |       |       |       |     1 ||     1
    Use: Scroll            |       |     8 |     1 |     1 ||    10
         Potion            |       |       |       |     1 ||     1
   Stab: Sleeping          |       |       |     3 |       ||     3
 Armour: Skin              |    13 |    47 |    85 |    51 ||   196
  Dodge: Dodged            |    14 |    39 |    53 |    27 ||   133
  Block: Kite shield       |       |       |       |    35 ||    35
